 Dungeon Crawl Stone Soup version bcrawl-1.40.3b (webtiles) character file.

Game seed: 3485826719928839936

330010 mooncake the Archer (level 9, -1/80 HPs)
             Began as a Centaur Hunter on Mar 5, 2024.
             Was a Priest of Uskayaw.
             Slain by an ogre zombie (4 damage)
             ... on level 8 of the Dungeon.
             The game lasted 00:19:22 (6522 turns).

mooncake the Archer (Centaur Hunter)                Turns: 6522, Time: 00:19:22

Health: -1/80      AC:  7    Str: 20    XL:     9   Next: 97%
Magic:  3/9        EV:  8    Int: 11    God:    Uskayaw [***...]
Gold:   609        SH:  6    Dex: 10    Spells: 8/8 levels left

rFire    + . .     GDR:     26% a - +2 shortbow
rCold    . . .     SeeInvis .   (shield currently unavailable)
rNeg     . . .     Gourm    .   q - +0 scale mail
rPois    .         Faith    .   (no helmet)
rElec    .         Spirit   .   (no cloak)
rCorr    .         Reflect  +   (no gloves)
MR       .....                  (no barding)
Stlth    ++........             j - +6 amulet of reflection
HPRegen  0.23/turn              u - ring of protection from fire
MPRegen  0.11/turn              o - ring of stealth

@: exhausted, very quick
A: large, hooves 3, deformed body, herbivore, speed 2, tough skin 3
a: Stomp, Line Pass, Renounce Religion


You were on level 8 of the Dungeon.
You worshipped Uskayaw.
Uskayaw was noncommittal.
You were near starving.

You visited 2 branches of the dungeon, and saw 9 of its levels.

You collected 609 gold pieces.

Inventory:

Hand Weapons
 a - a +2 shortbow (weapon)
 b - a +0 short sword
Missiles
 d - 272 arrows (quivered)
 s - 308 poisoned needles
 x - 277 poisoned tomahawks
Armour
 c - a +0 leather armour
 q - a +0 scale mail (worn)
 C - a +0 cloak
Magical Staves
 y - an uncursed staff of fire {unknown}
Jewellery
 j - a +6 amulet of reflection (around neck)
 o - a ring of stealth (right hand)
 u - a ring of protection from fire (left hand)
 v - a cursed -2 ring of dexterity
 A - a +5 amulet of reflection
Wands
 r - a wand of flame (18)
 z - a wand of iceblast (5)
 F - a wand of charming (5)
Scrolls
 f - 4 scrolls of remove curse {unknown}
 h - 2 scrolls of immolation {unknown}
 i - 5 scrolls of identify
 l - 3 scrolls of teleportation {unknown}
 m - 2 scrolls of amnesia {unknown}
 n - 2 scrolls of enchant armour {unknown}
Potions
 g - a potion of flight {unknown}
 k - 2 potions of agility
 p - a potion of might {unknown}
 t - 3 potions of curing
 w - 2 potions of degeneration {unknown}
 B - a potion of invisibility {unknown}
 D - a potion of haste {unknown}
 E - a potion of lignification {unknown}
Comestibles
 e - 7 rations {!d}


   Skills:
 + Level 7.7 Fighting
 + Level 14.6 Bows
 + Level 3.9 Armour
 + Level 2.8 Dodging
 + Level 1.3 Stealth


You had 8 spell levels left.
You didn't know any spells.
Your spell library was empty.

Dungeon Overview and Level Annotations

Branches:
Dungeon (8/12)             Temple (1/1) D:6             Orc (0/1) D:8
   Lair: D:7-9

Altars:
Ashenzari
Cheibriados
Dithmenos
Elyvilon
Fedhas
Gozag
Hepliaklqana
Kikubaaqudgha
Lugonu
Makhleb
Nemelex Xobeh
Okawaru
Qazlal
Ru
Sif Muna
Trog
Uskayaw
Vehumet
Wu Jian
Xom
Yredelemnul
Zin
The Shining One

Shops:
D:6 *

Portals:
Ossuary: D:5


Innate Abilities, Weirdness & Mutations

You have hooves in place of feet.
Armour fits poorly on your strangely shaped body.
You are a herbivore.
You cover ground very quickly.
You have extremely tough skin. (AC +3)


Message History

You can now pass through a line of other dancers.
Uskayaw protects you from magical silence.
Firing (i - inventory. (/) - cycle)
d - 274 arrows (quivered)
Press: ? - help, Shift-Dir - straight line, f/p - troll zombie
Aim: a troll zombie (lightly damaged, sharing its pain)
You shoot an arrow. The arrow hits the troll zombie!
The troll zombie is heavily damaged.
Firing (i - inventory. (/) - cycle)
d - 273 arrows (quivered)
Press: ? - help, Shift-Dir - straight line, f/p - troll zombie
Aim: a troll zombie (heavily damaged, sharing its pain)
You shoot an arrow. The arrow hits the troll zombie!
The troll zombie is severely damaged.
The troll zombie bites you.
* * * LOW HITPOINT WARNING * * *
You block the troll zombie's attack. The troll zombie claws you!
* * * LOW HITPOINT WARNING * * *
The orc skeleton hits you.
* * * LOW HITPOINT WARNING * * *
The ogre zombie hits you.
You die...

.....#..#
#.#.Z.# #F...#
##.Z####
###.W.oZ.##
##....ZZ.#....
#..##.##.F# #.
##..###.W##.#
#.## #@Z.#
#.##..ZZZ.......
## #.#ZZ#..###.#
..Z# #... ....
##.. #...## .#.#
.... . . #.# #


You could see a hungry ghost, a bullfrog, an orc priest, a hobgoblin zombie, 2
orc zombies, 3 ogre zombies, 2 troll zombies and 2 orc skeletons.

Vanquished Creatures
  A two-headed ogre (D:6)
  A spriggan (D:7)
  A basilisk (D:6)
  A hungry ghost (D:8)
  A vampire mosquito (D:6)
  A necrophage (D:4)
  A phantom (D:4)
  4 sky beasts
  An ice beast (D:6)
  5 ogres
  2 bullfrogs (D:6)
  A wyvern skeleton (D:7)
  A centaur (D:6)
  2 scorpions
  6 killer bees (D:7)
  4 howler monkeys
  An orc priest (D:4)
  5 crimson imps
  A bullfrog skeleton (D:6)
  A bullfrog zombie (D:6)
  3 hounds
  A jelly (D:3)
  4 worker ants
  An ogre zombie (D:8)
  3 hound zombies
  3 hound skeletons
  8 adders
  4 gnolls (D:5)
  An ooze (D:2)
  2 adder zombies
  2 adder skeletons (D:6)
  A worm (D:2)
  3 dart slugs
  7 leopard geckos
  4 orcs
  A ball python (D:2)
  4 giant cockroaches
  14 goblins
  9 hobgoblins
  8 jackals
  12 kobolds
  7 quokkas
  7 bats
  10 frilled lizards
  A goblin zombie (D:8)
  2 hobgoblin zombies (D:8)
  5 orc zombies (D:8)
  A quokka skeleton (D:4)
  4 rats
  A rat zombie (D:5)
174 creatures vanquished.

Notes
Turn   | Place    | Note
-------+----------+-------------------------------------------
     0 | D:1      | mooncake the Centaur Hunter began the quest for the Orb.
     0 | D:1      | Reached XP level 1. HP: 17/17 MP: 1/1
   146 | D:1      | Reached skill level 6 in Bows
   146 | D:1      | Reached XP level 2. HP: 24/24 MP: 2/2
   417 | D:1      | Reached XP level 3. HP: 29/29 MP: 3/3
  1013 | D:2      | Reached skill level 7 in Bows
  1081 | D:2      | Noticed an ogre
  1086 | D:2      | Killed an ogre
  1087 | D:2      | Reached XP level 4. HP: 38/38 MP: 4/4
  1087 | D:2      | Reached XP level 5. HP: 45/45 MP: 5/5
  1588 | D:3      | Reached skill level 8 in Bows
  1652 | D:3      | Noticed an ogre
  1656 | D:3      | Killed an ogre
  1657 | D:3      | Reached XP level 6. HP: 51/51 MP: 6/6
  1678 | D:3      | Noticed a sky beast
  1694 | D:3      | Killed a sky beast
  1695 | D:3      | Reached skill level 9 in Bows
  2257 | D:4      | Reached skill level 1 in Armour
  2440 | D:4      | Reached XP level 7. HP: 56/57 MP: 7/7
  2534 | D:4      | Reached skill level 10 in Bows
  2837 | D:4      | Found an iron altar of Okawaru.
  3010 | D:4      | Reached skill level 1 in Stealth
  3098 | D:5      | Entered Level 5 of the Dungeon
  3113 | D:5      | Reached skill level 5 in Fighting
  3113 | D:5      | Reached skill level 11 in Bows
  3113 | D:5      | Reached XP level 8. HP: 67/67 MP: 8/8
  3380 | D:5      | Found a sand-covered staircase.
  3455 | D:6      | Found Jacyu's General Store.
  3494 | D:6      | Paralysed by fainting for 12 turns
  3524 | D:6      | Paralysed by fainting for 8 turns
  3572 | D:6      | Reached skill level 12 in Bows
  3861 | D:6      | Noticed a two-headed ogre
  3871 | D:6      | Killed a two-headed ogre
  3872 | D:6      | Reached skill level 13 in Bows
  3872 | D:6      | Reached XP level 9. HP: 76/78 MP: 9/9
  3940 | D:6      | Found a staircase to the Ecumenical Temple.
  4141 | Temple   | Entered the Ecumenical Temple
  4990 | Temple   | Became a worshipper of Uskayaw the Reveler
  5052 | D:7      | Reached * piety under Uskayaw
  5057 | D:7      | Reached ** piety under Uskayaw
  5062 | D:7      | Reached skill level 14 in Bows
  5195 | D:7      | Found a sacrificial altar of Ru.
  5361 | D:7      | Reached *** piety under Uskayaw
  5915 | D:7      | Found an opulent altar of Gozag.
  6513 | D:8      | Found a staircase to the Orcish Mines.
  6522 | D:8      | HP: 4/80 [troll zombie (9)]
  6522 | D:8      | Slain by an ogre zombie

Skill      XL: |  1  2  3  4  5  6  7  8  9 |
---------------+----------------------------+-----
Bows           | 6 7 8 9 11 13 14 | 14.6
Fighting       | 3 5 6 7 |  7.7
Armour         | 1 3 |  3.9
Dodging        | 2 |  2.8
Stealth        | 1 |  1.3

Action                   |  1- 3 |  4- 6 |  7- 9 || total
-------------------------+-------+-------+-------++-------
Melee: Shortbow          |       |       |     7 ||     7
       Kick              |       |       |     1 ||     1
 Fire: Shortbow          |   136 |   135 |   350 ||   621
Invok: Stomp             |       |       |     4 ||     4
       Line Pass         |       |       |     1 ||     1
  Use: Scroll            |       |     2 |     1 ||     3
       Potion            |       |     1 |     1 ||     2
  Eat: Ration            |     1 |     2 |     4 ||     7
Armor: Leather armour    |    24 |     8 |     8 ||    40
       Scale mail        |       |       |    41 ||    41
Dodge: Dodged            |    43 |    17 |    56 ||   116
Block: Other             |       |       |    31 ||    31
       Reflection        |       |       |     1 ||     1
